 Dungeon Crawl Stone Soup version 0.29-a0-857-g9b1aa3ac5b (webtiles) character file.

Game seed: 11271860479514449673

18 buhh the Cleaver (level 2, 0/20 HPs)
             Began as a Gnoll Wanderer on July 16, 2022.
             Slain by a kobold
             ... wielding a +0 whip
              (3 damage)
             ... on level 2 of the Dungeon.
             The game lasted 00:01:34 (1424 turns).

buhh the Cleaver (Gnoll Wanderer)                   Turns: 1424, Time: 00:01:34

Health: 0/20       AC:  3    Str: 13    XL:     2   Next: 70%
Magic:  5/5        EV: 12    Int: 12    God:
Gold:   72         SH:  0    Dex: 10    Spells: 6/6 levels left

rFire   . . .      SeeInvis .   e - +0 hand axe
rCold   + . .      Faith    .   (no shield)
rNeg    . . .      Spirit   .   c - +0 leather armour
rPois   .          Reflect  .   (no helmet)
rElec   .          Harm     .   (no cloak)
rCorr   .          Rampage  .   (no gloves)
Will    .....                   (no boots)
Stlth   +.........              j - amulet of the acrobat
HPRegen 0.06/turn               i - ring of wizardry
MPRegen 0.09/turn               m - ring of protection from cold

@: attractive
A: fangs 1, strong nose, distributed training, strong 1
a: no special abilities


You were on level 2 of the Dungeon.
You visited 1 branch of the dungeon, and saw 2 of its levels.

You collected 72 gold pieces.

Inventory:

Hand Weapons
 e - a +0 hand axe (weapon)
Missiles
 b - 2 throwing nets (quivered)
 g - 3 poisoned darts
Armour
 c - a +0 leather armour (worn)
Magical Staves
 k - a staff of earth
Jewellery
 i - a ring of wizardry (left hand)
 j - an amulet of the acrobat (around neck)
 m - a ring of protection from cold (right hand)
Scrolls
 a - 2 scrolls of identify {!d}
 f - a scroll of fog
Potions
 h - 2 potions of degeneration
Miscellaneous
 d - a piece from Xom's chessboard (14/15)


   Skills:
 + Level 0.5 Fighting
 + Level 0.5 Short Blades
 + Level 0.5 Long Blades
 + Level 8.5 Axes
 + Level 0.5 Maces & Flails
 + Level 0.5 Polearms
 + Level 0.5 Staves
 + Level 0.5 Ranged Weapons
 + Level 0.5 Throwing
 + Level 2.5 Armour
 + Level 4.5 Dodging
 + Level 0.5 Stealth
 + Level 0.5 Shields
 + Level 0.5 Unarmed Combat
 + Level 2.7 Spellcasting
 + Level 0.3 Conjurations
 + Level 0.3 Hexes
 + Level 0.3 Summonings
 + Level 0.3 Necromancy
 + Level 0.3 Translocations
 + Level 0.3 Transmutations
 + Level 0.3 Fire Magic
 + Level 0.3 Ice Magic
 + Level 0.3 Air Magic
 + Level 0.3 Earth Magic
 + Level 0.3 Poison Magic
 + Level 0.6 Invocations
 + Level 4.5 Evocations


You had 6 spell levels left.
You didn't know any spells.
Your spell library contained the following spells:

 Spells                   Type           Power      Damage    Failure   Level
 Apportation              Tloc           4%         N/A       12%         1
 Necrotise                Necr           8%         1d4       12%         1
 Summon Small Mammal      Summ           8%         N/A       12%         1


Dungeon Overview and Level Annotations

Branches:
Dungeon (2/15) Zot: 10580

Altars:

Shops:
D:1 (


Innate Abilities, Weirdness & Mutations

You have very sharp teeth.
Your uncanny sense of smell can sniff out nearby items.
Your experience applies equally to all skills.
Your muscles are strong. (Str +4, Int/Dex -1)


Message History

You closely miss the hobgoblin. You hit the kobold but do no damage.
The kobold closely misses you.
The hobgoblin hits you but does no damage.
You hit the hobgoblin but do no damage. You hit the kobold but do no damage.
The kobold hits you with a +0 whip. The hobgoblin hits you.
You hit the hobgoblin.
The hobgoblin is moderately wounded.
You hit the kobold but do no damage. The kobold hits you with a +0 whip.
The hobgoblin barely misses you.
You closely miss the hobgoblin.
The hobgoblin is moderately wounded.
You completely miss the kobold. The kobold hits you with a +0 whip.
The hobgoblin barely misses you.
You are too injured to fight recklessly!
You are too injured to fight recklessly!
You hit the hobgoblin.
The hobgoblin is severely wounded.
You closely miss the kobold. You hit the hobgoblin.
The hobgoblin is almost dead.
You closely miss the kobold. The kobold hits you with a +0 whip.
* * * LOW HITPOINT WARNING * * *
The hobgoblin hits you.
* * * LOW HITPOINT WARNING * * *
You make a move on Xom's chessboard...
The kobold is outlined in light.
The kobold misses you.
The hobgoblin hits you but does no damage.
As you read the scroll labelled PICENEAMERU, it crumbles to dust.
It is a scroll of identify.
h - 2 potions of degeneration;
a - 2 scrolls of identify
e - a +0 hand axe (weapon)
The kobold barely misses you. The hobgoblin completely misses you.
It was a potion of attraction.
You feel attractive to monsters. The kobold closely misses you.
The hobgoblin hits you.
* * * LOW HITPOINT WARNING * * *
It was a potion of mutation.
You feel extremely strange.
You feel stronger. The kobold hits you with a +0 whip.
You die...

..........###########
....................# ∆
....................#
#####.##............###+#
#####.##.................
#...#....................
#...####.................
#...'........gK..........
#...####.#...@###..K.....
##(## #.#.#### #........
#.# #.#.# #........
####'#####.#.# #........
#..........#.# #....[...
#......[.....# #........
#.......###.### .........
#.......#8...8# ∆∆
####...####.###


You could see a hobgoblin and a kobold (corona).

Vanquished Creatures
  3 ball pythons
  3 endoplasms
  A giant cockroach (D:2)
  3 jackals (D:1)
  2 quokkas
  2 bats (D:1)
  2 goblins
16 creatures vanquished.

Vanquished Creatures (others)
  A plant (D:1)
1 creature vanquished.

Grand Total: 17 creatures vanquished

Notes
Turn   | Place    | Note
-------+----------+-------------------------------------------
     0 | D:1      | buhh the Gnoll Wanderer began the quest for the Orb.
     0 | D:1      | buhh set off with the following items: a +0 hand axe, 3
                  | throwing nets, a +0 leather armour, a piece from Xom's
                  | chessboard (15/15), a scroll of fog.
     0 | D:1      | Reached XP level 1. HP: 13/13 MP: 4/4
   252 | D:1      | Found Gorurph's Antique Weapon Shop.
   262 | D:1      | Found a faded altar of an unknown god.
   343 | D:1      | Reached XP level 2. HP: 8/19 MP: 5/5
  1424 | D:2      | Gained mutation: Your muscles are strong. (Str +4, Int/Dex
                  | -1) [potion of mutation]
  1424 | D:2      | Slain by a kobold

Illustrated notes

Levels and vault maps discovered:
D:1:      matt_arrival_spirals, layout_basic, serial_forest,
          infiniplex_forest_zigzag_1, infiniplex_forest_end_3,
          infiniplex_forest_lined_3, infiniplex_forest_diagonal,
          infiniplex_forest_fountain, infiniplex_forest_clump_curved,
          infiniplex_forest_clump_small, infiniplex_forest_clump_small,
          infiniplex_forest_pool, serial_shops, shop, basic_ecumenical_altar,
          minmay_distorted
D:2:      layout_basic, basic_altar, minmay_misc_feat_hallway

Action                   || total
-------------------------++-------
Melee: Hand axe          ||    61
       Bite              ||     3
Throw: Throwing net      ||     1
Evoke: Piece from Xom's  ||     1
  Use: Potion            ||     2
       Scroll            ||     1
 Stab: Held in net/web   ||     1
       Sleeping          ||     1
Armor: Leather armour    ||    13
Dodge: Dodged            ||    53

Table legend: (Time is in decaauts)
 A = Elapsed time spent in this place.
 B = Non-inter-level travel time spent in this place.
 C = Inter-level travel time spent in this place.
 D = Time resting spent in this place.
 E = Time spent auto-exploring this place.
 F = Levels seen in this place.
 G = Mean time per level.
                   A        B        C        D        E       F      G
               +--------+--------+--------+--------+--------+-----+--------+
         Total |   1418 |   1387 |     31 |      0 |   1227 |   2 |  709.0 |
       Dungeon |   1418 |   1387 |     31 |      0 |   1227 |   2 |  709.0 |
               +--------+--------+--------+--------+--------+-----+--------+

Top non-repeatable levels by time:
     D:1: 921 daAuts
     D:2: 497 daAuts
